AoeStats
← Matute

MegaRandom

509511055Analyzed
2v2 RM · 4d ago on Sep 27, 2026· 56m 42s· 4 players
Game mode
Random Map
Map size
Medium (4 player)
Population
200
Speed
Normal
Resources
Standard
Victory
Conquest
Starting age
Dark Age
Ending age
Imperial Age
RankedLock teamsTeams togetherTeam positionsShared explorationLock speedFull tech treeHidden civsTurbo modeCheats
Victory
Defeat
🇲🇽 Italians · Mexico
1126
+16
🇲🇽 Byzantines · Mexico
1120
+16
🇦🇷 Britons · Argentina
1169
-18
🇦🇷 Franks · Argentina
1076
-14
Tuxilion
3:23 Loom
12:03 Feudal Age
13:05 Double-Bit Axe
20:22 Castle Age
20:03 Scale Barding Armor
23:07 Forging
26:14 Scale Mail Armor
29:35 Pikeman
30:16 Squires
32:03 Husbandry
35:49 Wheelbarrow
38:37 Hand Cart
41:01 Imperial Age
41:12 Imperial Age
40:15 Chain Barding Armor
41:18 Cavalier
43:37 Paladin
45:31 Plate Barding Armor
45:41 Conscription
48:13 Ballistics
51:01 Chemistry
49:47 Light Cavalry
51:29 Chivalry
57:27 Iron Casting
Matute
7:12 Loom
9:19 Feudal Age
11:09 Double-Bit Axe
12:33 Fletching
12:31 Horse Collar
14:08 Padded Archer Armor
22:44 Castle Age
21:35 Gold Mining
22:47 Crossbowman
23:28 Bodkin Arrow
24:41 Leather Archer Armor
25:16 Gold Shaft Mining
27:41 Ballistics
36:58 Scale Mail Armor
39:37 Imperial Age
38:38 Scale Mail Armor
39:37 Chain Mail Armor
39:51 Pikeman
40:34 Squires
40:48 Forging
41:39 Plate Mail Armor
40:35 Halberdier
41:33 Forging
45:08 Iron Casting
44:46 Gambesons
44:47 Arson
45:42 Masonry
45:46 Fortified Wall
48:21 Bow Saw
48:54 Wheelbarrow
48:06 Town Watch
49:40 Conscription
50:03 Heavy Plow
53:56 Two-Man Saw
RaulelPiadoso
7:28 Loom
11:02 Feudal Age
11:33 Double-Bit Axe
16:21 Padded Archer Armor
17:14 Fletching
21:13 Castle Age
22:34 Medium Warships
23:00 Pikeman
25:20 Bodkin Arrow
27:19 Elite Skirmisher
30:11 Leather Archer Armor
30:50 Wheelbarrow
32:17 Hand Cart
32:54 Forging
38:54 Imperial Age
38:04 Horse Collar
41:00 Stone Mining
42:35 Bracer
44:17 Iron Casting
43:43 Scale Mail Armor
46:29 Ring Archer Armor
47:11 Ballistics
47:52 Chemistry
48:03 Gambesons
48:49 Bow Saw
49:51 Conscription
49:29 Halberdier
50:07 Gold Mining
50:53 Stone Shaft Mining
50:28 Squires
52:43 Chain Mail Armor
52:00 Heavy Camel Rider
52:45 Caravan
ic.adelira
5:17 Loom
9:36 Feudal Age
10:22 Double-Bit Axe
20:50 Castle Age
20:07 Bloodlines
20:06 Scale Barding Armor
19:47 Horse Collar
21:49 Bow Saw
22:21 Heavy Plow
22:49 Forging
25:14 Husbandry
28:20 Wheelbarrow
30:51 Hand Cart
31:21 Chain Barding Armor
31:37 Iron Casting
37:35 Imperial Age
34:59 Fletching
36:15 Gold Mining
37:45 Bodkin Arrow
37:54 Cavalier
39:39 Crop Rotation
40:50 Two-Man Saw
41:24 Guilds
42:05 Plate Barding Armor
48:44 Bracer
49:44 Blast Furnace
50:58 Conscription
51:19 Caravan
51:58 Stone Mining
Connection lost

Rejoining the realm…

Still unreachable

The connection could not be restored.

Session expired

The server has moved on; the page needs a fresh start.